[Event "GrandPrix_30.05"]
[Site "Chess.com"]
[Date "2020.05.30"]
[Round "6"]
[White "bernereremit"]
[Black "Happy1712Drummer"]
[Result "1-0"]
[WhiteElo "2115"]
[BlackElo "2129"]
[TimeControl "600+2"]
[EndTime "10:55:37 PDT"]
[Termination "bernereremit won by resignation"]

1. e4 c6 2. d4 d5 3. e5 Na6 4. Nd2 Nc7 5. Nb3 g6 6. Nf3 Bg7 7. Be2 Nh6 8. O-O f6 9. Re1 O-O 10. Bf4 Ne6 11. Bg3 Nf5 12. Bd3 Nxg3 13. hxg3 f5 14.
c4 f4 15. g4 Nc7 16. g5 Bg4 17. Be2 e6 18. Rc1 dxc4 19. Rxc4 Nd5 20. Nfd2 Bxe2 21. Qxe2 Qxg5 22. Ne4 Qe7 23. Qg4 Rf5 24. Nbc5 Raf8 25.
a3 Kh8 26. Nd6 f3 27. Nxf5 Rxf5 28. Re4 fxg2 29. f4 g5 30. Rc2 gxf4 31. Rxg2 f3 32. Rg3 f2+ 33. Kf1 Qf7 34. Nxe6 Bh6 35. Nd8 Qg6 36.
Qxg6 hxg6 37. e6 Ne7 38. Re2 Rd5 39. Nf7+ Kg7 40. Rxf2 Rxd4 41. Nxh6 Kxh6 42. Rf7 Nf5 43. Rh3+ Kg5 44. Rxb7 Rf4+ 45. Kg1 Rg4+ 46. Kh2 a5 47.
Rh8 Re4 48. Ra8 Kg4 49. Rxa5 Re2+ 50. Kg1 Rxe6 51. Kf2 Nd6 52. Rb4+ Kh3 53. Ra8 Rf6+ 54. Ke3 g5 55. a4 g4 56. Rh8+ Kg2 57. Rxg4+ Kf1 58. Rf4+ Rxf4 59. Kxf4 Nc4 60. b3 Na5 61. b4 Nc4 62. a5 Nd6 63. a6 Nb5 64. Ke4 Ke2 65. Rb8 Nd6+ 66. Kd4 Nc4 67. Kxc4 1-0

[Event "GrandPrix_30.05"]
[Site "Chess.com"]
[Date "2020.05.30"]
[Round "6"]
[White "N4700000"]
[Black "rfhfb"]
[Result "1-0"]
[WhiteElo "2232"]
[BlackElo "2092"]
[TimeControl "600+2"]
[EndTime "10:56:03 PDT"]
[Termination "N4700000 won by resignation"]

1. e4 e5 2. Nf3 Nc6 3. Bc4 Bc5 4. Nc3 Nf6 5. d3 h6 6. Be3 Bb6 7. O-O d6 8. h3 Be6 9. Nd5 Bxd5 10. Bxd5 Nxd5 11. exd5 Ne7 12. c4 O-O 13. b4 c6 14.
c5 Bc7 15. dxc6 Nxc6 16. b5 Ne7 17. d4 e4 18. Nd2 d5 19. a4 f5 20. f4 Kh7 21. Kh1 Qd7 22. Qe2 Ng6 23. a5 a6 24.
c6 bxc6 25. b6 Bd6 26. Nb3 Ne7 27. Rac1 Rg8 28. Nc5 Bxc5 29. Rxc5 Rgf8 30. Rfc1 Rf6 31. Bf2 Ng6 32. Qe3 Rc8 33. Bg3 Rd6 34. R1c2 Nf8 35. R5c3 Ne6 36. Bf2 Nd8 37. Qe2 Ra8 38. Be1 Ne6 39.
Qe3 g5 40. Bg3 Rf8 41. Rf2 c5 42. dxc5 d4 43. Qc1 dxc3 44. cxd6 Qxd6 45. Qxc3 gxf4 46.
Rd2 Qe7 47. Qc6 Rf7 48. Rd6 fxg3 49. Rxe6 Qg5 50. b7 Qd2 51. Rxh6+ Qxh6 52. Qxh6+ Kxh6 53. b8=Q f4 54. Qd6+ Kh7 55. Qe6 Rc7 56. Qxe4+ Kg8 57.
Qxf4 1-0

[Event "GrandPrix_30.05"]
[Site "Chess.com"]
[Date "2020.05.30"]
[Round "6"]
[White "EvgenyRomanov"]
[Black "Glek_Igor"]
[Result "1-0"]
[WhiteElo "2296"]
[BlackElo "2443"]
[TimeControl "600+2"]
[EndTime "10:56:09 PDT"]
[Termination "EvgenyRomanov won on time"]

1. d4 e6 2. Nf3 f5 3. c4 Nf6 4. Nc3 Bb4 5. Bd2 a5 6. e3 b6 7.
Bd3 Bb7 8. O-O O-O 9. d5 Na6 10. Rc1 Nc5 11. Bb1 Bxc3 12. Bxc3 exd5 13. Bxf5 dxc4 14.
Qd4 d5 15. Ng5 Qe7 16. Qh4 g6 17. Bc2 Nfe4 18. f4 Nxc3 19. bxc3 Ne6 20. Nf3 Qxh4 21. Nxh4 Nc5 22. Rfd1 Rae8 23. Kf2 g5 24. Nf5 Ne4+ 25.
Bxe4 Rxe4 26. Ng3 Re7 27. Nh5 c6 28. g4 Bc8 29. h3 Bd7 30. Rb1 b5 31. a4 Be8 32.
Ng3 gxf4 33. Nf5 fxe3+ 34. Ke1 Rxf5 35. gxf5 Re5 36. Rd4 Rxf5 37. Ke2 Re5 38. axb5 cxb5 39. Kf3 Bc6 40. Ke2 1-0

[Event "GrandPrix_30.05"]
[Site "Chess.com"]
[Date "2020.05.30"]
[Round "6"]
[White "Karacsonyi_Gellert"]
[Black "OhanyanEminChess"]
[Result "1-0"]
[WhiteElo "2203"]
[BlackElo "2071"]
[TimeControl "600+2"]
[EndTime "10:56:15 PDT"]
[Termination "Karacsonyi_Gellert won by resignation"]

1. e4 e5 2. Nf3 Nc6 3. Bb5 f5 4. d3 fxe4 5. dxe4 Nf6 6. O-O Bc5 7. Bg5 d6 8. Nc3 O-O 9. Bc4+ Kh8 10. Nd5 Be6 11. Nxf6 gxf6 12. Bxe6 fxg5 13. Qd2 Qf6 14. Bd5 g4 15. Ne1 Ne7 16. Nd3 Bb6 17. Bxb7 Rab8 18. Ba6 Qh4 19. g3 Qh3 20. Qg5 Ng6 21. a4 Rf3 22. Kh1 Rbf8 23. Qd2 Rxg3 24. Nf4 exf4 25. fxg3 f3 26. Rfd1 f2 27. Bf1 Qh5 28.
a5 Ne5 29. axb6 axb6 30. Bd3 Qf7 31. Qe2 Qg6 32. Rf1 Qf6 33. Kg2 Nf3 34. Rxf2 Qh6 35. Kh1 Re8 36. Rxf3 gxf3 37. Qxf3 Rf8 38. Qg2 1-0

[Event "GrandPrix_30.05"]
[Site "Chess.com"]
[Date "2020.05.30"]
[Round "6"]
[White "szachuspl"]
[Black "cassoulet"]
[Result "1/2-1/2"]
[WhiteElo "2362"]
[BlackElo "2223"]
[TimeControl "600+2"]
[EndTime "10:56:17 PDT"]
[Termination "Game drawn by repetition"]

1. d4 d5 2. c4 e6 3. Nf3 Nf6 4. Nc3 Be7 5. Bf4 O-O 6. e3 Ne4 7. Bd3 f5 8. O-O c6 9. Qb3 Nd7 10.
cxd5 cxd5 11. Nb5 g5 12. Bc7 Qe8 13. Bxe4 fxe4 14. Ne5 a6 15. Nd6 Bxd6 16. Bxd6 Nxe5 17. Bxf8 Nc4 18. Bb4 Bd7 19. Be1 b6 20. f3 exf3 21.
Rxf3 Qg6 22. Qb4 g4 23. Rf2 Qg5 24. Bd2 a5 25. Qc3 Rc8 26. Raf1 Qg7 27. Bc1 Nd6 28. Qb3 Bb5 29. Re1 Qc7 30. Qd1 h5 31. Rf6 Qe7 32. Rf4 Ne4 33. h3 Qh4 34. hxg4 Rc2 35. Qxc2 Qxe1+ 36. Kh2 Qg3+ 37. Kg1 Qe1+ 38. Kh2 Qh4+ 39.
Kg1 Qe1+ 1/2-1/2

[Event "GrandPrix_30.05"]
[Site "Chess.com"]
[Date "2020.05.30"]
[Round "6"]
[White "Jan1401"]
[Black "Vnebo"]
[Result "1-0"]
[WhiteElo "2272"]
[BlackElo "2117"]
[TimeControl "600+2"]
[EndTime "10:56:21 PDT"]
[Termination "Jan1401 won by resignation"]

1. e4 c5 2. Nf3 d6 3. Bb5+ Bd7 4.
Bxd7+ Qxd7 5. O-O Nf6 6. Re1 Nc6 7. c3 e6 8. d4 cxd4 9. cxd4 d5 10. e5 Ne4 11. a3 Be7 12. Nbd2 Nxd2 13. Bxd2 O-O 14. Rc1 Rfc8 15. Rc3 Bd8 16. Rd3 Ne7 17. Ng5 h6 18.
Nh3 Qb5 19. Rb3 Qc4 20. Rb4 Qc2 21. Rxb7 Qxd1 22. Rxd1 Nc6 23. Bc3 Bb6 24. Kf1 Kf8 25. Nf4 Ke8 26. Nxe6 fxe6 27. Rxg7 a5 28. Rg6 Kd7 29.
Rxh6 Rh8 30. Rxh8 Rxh8 31. h3 Rh4 32. g3 Rxh3 33. Kg2 Rh8 34. g4 Rf8 35. Kg3 Nxe5 36.
dxe5 Bxf2+ 37. Kg2 Bb6 38. Bd4 Bxd4 39. Rxd4 Rc8 40.
Ra4 Rc2+ 41. Kf3 Rxb2 42. Rxa5 Ke7 43. Ra7+ Kf8 44. g5 Rb1 45. a4 Re1 46. g6 Rxe5 47.
Rf7+ Kg8 48. a5 d4 49. a6 Ra5 50. a7 d3 51. Ke3 1-0

[Event "GrandPrix_30.05"]
[Site "Chess.com"]
[Date "2020.05.30"]
[Round "6"]
[White "Evgeny81"]
[Black "Anton_Demchenko"]
[Result "0-1"]
[WhiteElo "2396"]
[BlackElo "2627"]
[TimeControl "600+2"]
[EndTime "10:56:25 PDT"]
[Termination "Anton_Demchenko won on time"]

1. d4 Nf6 2. c4 d6 3. Nf3 Nc6 4. Nc3 e5 5. d5 Ne7 6. e4 Ng6 7. h4 Be7 8. g3 Nf8 9. c5 N8d7 10. cxd6 Bxd6 11. Bh3 O-O 12. O-O a6 13. Qe2 b5 14.
a3 h6 15. Be3 Re8 16. Rac1 Nf8 17. Bxc8 Qxc8 18. Kg2 Ng6 19. Nd2 Ng4 20. Nd1 f5 21.
exf5 Qxf5 22. Qf3 Qh5 23. Nc3 Rf8 24. Qe2 Nf4+ 25. gxf4 exf4 26. Bd4 f3+ 27. Nxf3 Rf4 28. Ne4 Raf8 29. Ng3 Qxd5 30. Rc3 Rxd4 31. Re1 Ne5 32. Ne4 Nd3 33. Rxd3 Rxd3 0-1

[Event "GrandPrix_30.05"]
[Site "Chess.com"]
[Date "2020.05.30"]
[Round "6"]
[White "RussianChessFighter"]
[Black "Mikhail_Golubev"]
[Result "0-1"]
[WhiteElo "2190"]
[BlackElo "2121"]
[TimeControl "600+2"]
[EndTime "10:56:25 PDT"]
[Termination "Mikhail_Golubev won by checkmate"]

1. c4 g6 2. Nf3 Bg7 3. Nc3 d6 4.
d4 Nf6 5. g3 O-O 6. Bg2 Nbd7 7.
O-O e5 8. e4 exd4 9. Nxd4 Re8 10. h3 Nc5 11. Re1 a6 12. Qc2 Ng4 13. Rd1 Ne5 14. b3 c6 15. Be3 h5 16. Nxc6 Nxc6 17.
Bxc5 Qa5 18. Bxd6 Qxc3 19. Qxc3 Bxc3 20. Rac1 Bb2 21. Rc2 Bg7 22. f4 Be6 23. e5 f6 24.
exf6 Bxf6 25. Rcd2 Bf5 26. c5 Bc3 27. Bd5+ Kg7 28.
Rh2 Re3 29. Bxc6 bxc6 30. Kf2 Rd3 31. Rxd3 Bxd3 32. Ke3 Bf5 33. Kf3 Re8 34. g4 Be4+ 35.
Kf2 h4 36. Ke3 Bc2+ 37. Be5+ Bxe5 38. fxe5 Rxe5+ 39. Kd4 Rd5+ 40. Kc4 Bd3+ 41. Kb4 Be4 42. Re2 Bf3 43. Re3 Bg2 44. a4 Kf6 45. Rc3 Kg5 46. Ka5 Bf1 47. Kb6 Rd3 48. Rxd3 Bxd3 49. Kxc6 Bf1 50. b4 Bxh3 51. b5 axb5 52. axb5 Bxg4 53.
b6 h3 54. Kc7 Bf3 55. c6 Bxc6 56. Kxc6 h2 57. b7 h1=Q+ 58. Kc7 Qh2+ 59. Kc8 Qe5 60. b8=Q Qxb8+ 61. Kxb8 Kf4 62. Kc7 g5 63. Kc6 g4 64.
Kc5 g3 65. Kd4 g2 66. Kd3 g1=R 67. Ke2 Rg3 68. Kf1 Rf3+ 69. Ke2 Ke4 70. Kd2 Re3 71. Kc2 Kf3 72. Kd2 Kf2 73. Kd1 Rd3+ 74. Kc2 Ke2 75. Kc1 Rc3+ 76. Kb2 Kd2 77. Kb1 Rb3+ 78. Ka2 Kc2 79.
Ka1 Ra3# 0-1

[Event "GrandPrix_30.05"]
[Site "Chess.com"]
[Date "2020.05.30"]
[Round "6"]
[White "BMOchsner"]
[Black "Arm-Akiba"]
[Result "0-1"]
[WhiteElo "2309"]
[BlackElo "2713"]
[TimeControl "600+2"]
[EndTime "10:56:27 PDT"]
[Termination "Arm-Akiba won on time"]

1. e4 e5 2. Nf3 Nc6 3. Bb5 a6 4. Ba4 Nf6 5. O-O Be7 6. Re1 b5 7. Bb3 O-O 8. a4 b4 9. d4 d6 10. dxe5 Nxe5 11. Nxe5 dxe5 12. Qe2 Bc5 13. Be3 Bd4 14.
Qd3 Bxb2 15. Bxf7+ Kh8 16. Qxd8 Rxd8 17. Ra2 Bd4 18.
Bxd4 exd4 19. Nd2 c5 20. Bc4 Bb7 21. Raa1 Re8 22. e5 Nd7 23. f4 Nb6 24. a5 Nxc4 25. Nxc4 Bd5 26. Nd6 Re7 27. f5 c4 28. e6 Rd8 29.
Rad1 d3 30. cxd3 c3 31. Nf7+ Rxf7 32. exf7 Bxf7 33. Re7 b3 34. Rde1 b2 35. Rb7 h5 36.
Kf2 Bd5 37. Rb6 Ba2 38. h4 Rd5 39. Rb8+ Kh7 40. g4 hxg4 41. Kg3 Rb5 42. Rc8 b1=Q 43. Rxb1 Bxb1 44. Rxc3 Rxf5 45. Kxg4 Rxa5 0-1

[Event "GrandPrix_30.05"]
[Site "Chess.com"]
[Date "2020.05.30"]
[Round "6"]
[White "Vesper2018"]
[Black "Flawless_Fighter"]
[Result "0-1"]
[WhiteElo "1947"]
[BlackElo "2156"]
[TimeControl "600+2"]
[EndTime "10:56:38 PDT"]
[Termination "Flawless_Fighter won on time"]

1. e4 c6 2. d4 d5 3. e5 Bf5 4. Nf3 e6 5. Be2 Ne7 6. O-O Ng6 7. c3 Nd7 8. Re1 f6 9. Bd3 Bxd3 10. Qxd3 fxe5 11. dxe5 Bc5 12. Be3 O-O 13. Bxc5 Nxc5 14. Qe3 Nd7 15. Nbd2 Rf5 16. g4 Rf8 17. Nf1 Rf4 18. h3 Qf8 19. N1h2 Re8 20. Re2 Re4 21. Qd2 Ndxe5 22. Rxe4 dxe4 23. Nxe5 Nxe5 24. Qe3 Nd3 25.
f3 Nxb2 26. Qxe4 Qc5+ 27. Kh1 Qxc3 28. Rb1 Nd3 29. Qe2 Nf4 30. Qe4 Qd2 31. Rg1 Nxh3 32. Qe1 Qxa2 33. Rg2 Qd5 34. Rd2 Qg5 35. Rd7 Re7 36.
Rd8+ Kf7 37. Qb1 Qe3 38. Kg2 Nf4+ 39. Kg3 Ne2+ 40. Kg2 Nf4+ 41. Kg3 Ng6 42. Kg2 Qb6 43. Qd1 Qb2+ 44. Rd2 Qe5 45. Rd8 c5 46. Nf1 Qf4 47. Nd2 h6 48. Qe2 Qc7 0-1

[Event "GrandPrix_30.05"]
[Site "Chess.com"]
[Date "2020.05.30"]
[Round "6"]
[White "MikaelyanArman1996"]
[Black "dzhumagaliev"]
[Result "1-0"]
[WhiteElo "2410"]
[BlackElo "2230"]
[TimeControl "600+2"]
[EndTime "10:56:39 PDT"]
[Termination "MikaelyanArman1996 won by checkmate"]

1. e4 c5 2. Nc3 Nc6 3. Bb5 Nd4 4. Nf3 e6 5. O-O a6 6. Bd3 Nc6 7. b3 d6 8. Bb2 Nf6 9. Re1 Be7 10. e5 dxe5 11. Nxe5 Nxe5 12. Rxe5 Qc7 13. Rg5 g6 14. Qf3 Rg8 15. Nb5 Qd8 16. Nc7+ Qxc7 17. Bxf6 h6 18. Bxe7 hxg5 19. Bxg5 f5 20. Re1 Rh8 21. Bf4 Qc6 22.
Qg3 Kf7 23. Be5 Rg8 24. Qh4 g5 25.
Qh7+ Kf8 26. Qh6+ Kf7 27. Qf6+ Ke8 28. Bxf5 Qd7 29. Bg6+ Rxg6 30. Qxg6+ Qf7 31. Qxg5 Bd7 32. Re3 Bc6 33. Rh3 Kd7 34. Rd3+ Bd5 35. Bg3 Rg8 36. Qe5 Kc6 37. Qd6+ Kb5 38. c4+ Kb4 39. cxd5 exd5 40. Qb6+ Ka3 41. Qxc5+ Kxa2 42. Qc2+ Ka3 43. Bd6# 1-0

[Event "GrandPrix_30.05"]
[Site "Chess.com"]
[Date "2020.05.30"]
[Round "6"]
[White "GMMarcinDziuba"]
[Black "Hrant_ChessMood"]
[Result "0-1"]
[WhiteElo "2544"]
[BlackElo "2765"]
[TimeControl "600+2"]
[EndTime "10:56:41 PDT"]
[Termination "Hrant_ChessMood won by resignation"]

1. c4 Nf6 2. g3 e5 3. Bg2 Bc5 4. Nc3 O-O 5. e3 c6 6. Nge2 d5 7. cxd5 Nxd5 8. O-O Be6 9. d4 exd4 10. Nxd4 Nxc3 11.
bxc3 Bc4 12. Re1 Nd7 13. e4 Ne5 14. Be3 Bb6 15. Qh5 Re8 16. f4 g6 17. Qh3 Nd3 18.
Red1 Qe7 19. Rd2 Qa3 20. Rc2 Nb4 21. Rcc1 Nd3 22. Rc2 Rad8 23. Kh1 Nb4 24. Rcc1 Nd3 25. Rc2 Nc5 26. e5 Ne6 27. Rd1 c5 28. f5 cxd4 29.
cxd4 Qxe3 30. Rxc4 Rxd4 31. Rcxd4 Nxd4 32. e6 fxe6 33. fxg6 hxg6 34. Qg4 Kg7 35. Bxb7 Qe2 36. Qxe2 Nxe2 37.
Rd7+ Kf6 38. Kg2 Re7 39. Rxe7 Kxe7 40. h4 Nc3 41. a3 Bc5 42. g4 Bxa3 43. h5 gxh5 44.
gxh5 Bc1 45. Kf3 Kd6 46. Ba6 Nd5 47. Ke2 Nf6 48. Kd1 Bh6 49. Be2 Kc5 50. Kc2 Kd4 0-1

[Event "GrandPrix_30.05"]
[Site "Chess.com"]
[Date "2020.05.30"]
[Round "6"]
[White "VolodymyrMolyboha"]
[Black "HElissalt"]
[Result "1-0"]
[WhiteElo "2212"]
[BlackElo "2049"]
[TimeControl "600+2"]
[EndTime "10:56:43 PDT"]
[Termination "VolodymyrMolyboha won by resignation"]

1. e4 c5 2. Nf3 Nc6 3. Bb5 g6 4. O-O Bg7 5. c3 Nf6 6. Re1 O-O 7. d4 cxd4 8. cxd4 d5 9. e5 Ne4 10. Be3 Qb6 11. Bxc6 bxc6 12. Qc1 Rb8 13. b3 f6 14. Nc3 Nxc3 15. Qxc3 Bg4 16. exf6 exf6 17. Bf4 Rbc8 18. Bd6 Rfe8 19. Bc5 Qc7 20. Nd2 Bh6 21. Nf1 Kf7 22. h3 Bd7 23. Rxe8 Rxe8 24. Re1 Rxe1 25. Qxe1 Be6 26. Ne3 Bf4 27. a4 h5 28. Qe2 Qb7 29.
b4 Bb8 30. Nf1 Bc7 31. Qe3 g5 32. Qd3 Kg7 33. Qe2 Bf7 34. Qe7 Qb8 35. Ne3 a5 36.
g4 hxg4 37. hxg4 Qd8 38. Nf5+ Kg6 39. Qxd8 Bxd8 40. bxa5 Bxa5 41. Ne7+ Kg7 42. Nxc6 Bc3 43. a5 Be8 44. Ne7 Bb5 45. Bb6 Bc4 46. Nc6 Kf7 47.
Nb8 f5 48. gxf5 Kf6 49. a6 Bxa6 50. Nxa6 Kxf5 51. Nc7 Ke4 52. Nb5 Bb2 53. Kg2 g4 54. Kg3 Kf5 55. Nc7 1-0

[Event "GrandPrix_30.05"]
[Site "Chess.com"]
[Date "2020.05.30"]
[Round "6"]
[White "Grandelicious"]
[Black "Meizon19"]
[Result "1-0"]
[WhiteElo "2574"]
[BlackElo "2300"]
[TimeControl "600+2"]
[EndTime "10:56:50 PDT"]
[Termination "Grandelicious won by resignation"]

1. Nf3 Nf6 2. g3 g6 3. b3 Bg7 4. Bb2 O-O 5. Bg2 d6 6. d4 Nc6 7.
O-O e5 8. dxe5 Ng4 9. c4 Ncxe5 10. Nc3 Re8 11. h3 Nxf3+ 12. exf3 Ne5 13. f4 Nc6 14. Qd2 Nd4 15. Kh2 Bd7 16. Rfe1 Bc6 17.
Nd5 Bxd5 18. Bxd5 Nc6 19. Rxe8+ Qxe8 20. Bxg7 Kxg7 21. Qc3+ f6 22. Re1 Qf8 23. Qe3 a5 24. h4 a4 25. Kg2 axb3 26. axb3 Rc8 27. Qe6 Rd8 28. Re3 Kh8 29. Bxc6 bxc6 30. b4 c5 31. b5 h5 32. f5 gxf5 33. Qxf5 Qf7 34. Re6 Kg7 35.
Qe4 Kf8 36. Qe3 Qg7 37. Qf3 Kf7 38. Qd5 Kg6 39. Qe4+ Kh6 40. Re7 1-0

[Event "GrandPrix_30.05"]
[Site "Chess.com"]
[Date "2020.05.30"]
[Round "6"]
[White "lelajavakhishvili"]
[Black "Tokarev_Sergey"]
[Result "1/2-1/2"]
[WhiteElo "2088"]
[BlackElo "1994"]
[TimeControl "600+2"]
[EndTime "10:56:54 PDT"]
[Termination "Game drawn - insufficient material"]

1. Nf3 Nf6 2. c4 e6 3. d4 d5 4. g3 Be7 5. Bg2 O-O 6. O-O b6 7. b3 Bb7 8. Bb2 c5 9. dxc5 bxc5 10. cxd5 exd5 11. Ne5 Qc7 12. Nd2 d4 13. Bxb7 Qxb7 14.
Rc1 Nbd7 15. Nxd7 Qxd7 16. Nf3 Rac8 17. Qd3 Qd5 18. Qc4 Rfd8 19. Rfd1 h6 20. Qxd5 Nxd5 21. Rc4 Nb6 22. Rc2 Nd5 23. a3 Rb8 24. Rd3 a5 25.
Ne5 Rdc8 26. Nc4 Rb5 27. e3 Rcb8 28. exd4 cxd4 29. Nd2 Nc3 30. a4 Nxa4 31. Bxd4 Nc5 32. Re3 Bf8 33. Bxc5 Bxc5 34. Re4 Bb4 35. Nc4 Rd5 36.
Kg2 Rd3 37. Re3 Rbd8 38. Kf3 f6 39. h4 Kh7 40. Ra2 R8d5 41. Ke2 Rd1 42. Kf3 Rb1 43. Ke2 g5 44. hxg5 hxg5 45. Kf3 Rd4 46. Rb2 g4+ 47. Kg2 Rc1 48. f3 a4 49. fxg4 Kg6 50. Re6 axb3 51. Ne5+ Kg7 52. Nf3 Rc2+ 53. Rxc2 bxc2 54. Rc6 Rxg4 55.
Kh3 Re4 56. Rxc2 Re3 57. Rc7+ Re7 58. Rxe7+ Bxe7 59. Kg4 Bd6 60. Nh4 Bxg3 61. Nf5+ Kf7 62. Nxg3 f5+ 63. Nxf5 1/2-1/2

[Event "GrandPrix_30.05"]
[Site "Chess.com"]
[Date "2020.05.30"]
[Round "6"]
[White "hubertsmazak"]
[Black "kostasam18"]
[Result "1-0"]
[WhiteElo "2270"]
[BlackElo "2099"]
[TimeControl "600+2"]
[EndTime "10:56:58 PDT"]
[Termination "hubertsmazak won on time"]

1. d4 Nf6 2. c4 e6 3. g3 d5 4. Bg2 Be7 5. Nf3 O-O 6. O-O dxc4 7. Qc2 a6 8. a4 Bd7 9. Qxc4 Bc6 10. Bg5 Bd5 11.
Qc2 Be4 12. Qc1 h6 13. Bxf6 Bxf6 14. Nbd2 Bc6 15. Rd1 a5 16. e4 g6 17. Qc2 Na6 18. Nc4 Nb4 19. Qe2 b6 20. Nfe5 Bb7 21. b3 Qe7 22. Rac1 Rad8 23. f4 Bg7 24. Qe3 Qe8 25.
Na3 Rc8 26. Nb5 Qe7 27. Na7 Ra8 28. Nac6 Nxc6 29. Nxc6 Qd7 30. e5 Rac8 31. Na7 Rb8 32. Bxb7 Rxb7 33. Nc6 Ra8 34. d5 exd5 35. Rxd5 Qe8 36.
Qe4 Bf8 37. Rb5 Rbb8 38. Nxb8 Rxb8 39. Rxc7 Bc5+ 40. Kg2 Rd8 41. e6 Rd2+ 42. Kh3 Qxe6+ 43. Qxe6 fxe6 44. Rcxc5 bxc5 45. Rxa5 Rb2 46. Rxc5 Rxb3 47. Rc7 Ra3 48. Ra7 h5 49. Kh4 Ra2 50. Kg5 Rxh2 51.
Kxg6 Kf8 52. Kf6 Kg8 53. a5 Rg2 54. a6 Rxg3 55. Rb7 Ra3 56. a7 Ra6 57. Rb8+ 1-0

[Event "GrandPrix_30.05"]
[Site "Chess.com"]
[Date "2020.05.30"]
[Round "6"]
[White "vladislavkovalev"]
[Black "Funo09"]
[Result "1-0"]
[WhiteElo "2842"]
[BlackElo "2697"]
[TimeControl "600+2"]
[EndTime "10:57:00 PDT"]
[Termination "vladislavkovalev won by resignation"]

1. e4 c5 2. Nf3 Nf6 3. e5 Nd5 4. Nc3 e6 5. Nxd5 exd5 6. d4 Nc6 7. dxc5 Bxc5 8. Qxd5 Qb6 9. Bc4 Bxf2+ 10. Ke2 O-O 11. Rf1 Bc5 12. Ng5 Nd4+ 13. Kd1 Ne6 14. Ne4 d6 15. exd6 Rd8 16. Qh5 Bxd6 17. Bd3 Bc7 18.
Qxf7+ Kh8 19. Bd2 Bd7 20. Bc3 Bb5 21. Nd2 Bxd3 22. cxd3 Qc6 23. Re1 Nd4 24. Re7 Qxg2 25. Bxd4 Qg4+ 26. Nf3 Be5 27. Bxe5 Rxd3+ 28. Ke2 Qe4+ 29.
Kf2 Qe3+ 30. Kg2 Rd2+ 31. Nxd2 Qxd2+ 32. Qf2 Qg5+ 33. Qg3 Qxe7 34. Re1 b6 35. Bc3 Qd7 36. Qg5 Qb7+ 37. Kg1 h6 38. Qxh6+ Kg8 39. Qe6+ Kh8 40. Qe7 1-0

[Event "GrandPrix_30.05"]
[Site "Chess.com"]
[Date "2020.05.30"]
[Round "6"]
[White "Martin_Petrov2000"]
[Black "Sam_ChessMood"]
[Result "0-1"]
[WhiteElo "2296"]
[BlackElo "2575"]
[TimeControl "600+2"]
[EndTime "10:57:03 PDT"]
[Termination "Sam_ChessMood won by resignation"]

1. e4 c6 2. d4 d5 3. e5 Bf5 4. Nf3 e6 5. Be2 Ne7 6. O-O Ng6 7. Nbd2 Nf4 8. Nb3 Nxe2+ 9. Qxe2 Be7 10. a4 Nd7 11. a5 O-O 12. Be3 h6 13. Ne1 Qc7 14. g4 Bh7 15. f4 c5 16. dxc5 Nxc5 17. Nxc5 Bxc5 18. c3 Rfd8 19. Nf3 b6 20. a6 Be4 21. Nd4 Rac8 22. Nb5 Qe7 23. Bd4 Rd7 24. Rf2 f6 25.
Bxc5 bxc5 26. Nd6 Rxd6 27. exd6 Qxd6 28. Ra5 f5 29. g5 hxg5 30. fxg5 e5 31. Rb5 d4 32. Rb7 Qg6 33. h4 d3 34. Qd1 Qxa6 35.
Rd7 Qe6 36. Rxa7 f4 37. Qh5 Bg6 38. Qf3 e4 39. Qxf4 e3 40. Rf1 e2 41. Re1 Rf8 42.
Qg3 d2 43. Rxe2 0-1

[Event "GrandPrix_30.05"]
[Site "Chess.com"]
[Date "2020.05.30"]
[Round "6"]
[White "NikolaN98"]
[Black "Salnaa"]
[Result "1-0"]
[WhiteElo "2118"]
[BlackElo "2114"]
[TimeControl "600+2"]
[EndTime "10:57:04 PDT"]
[Termination "NikolaN98 won on time"]

1. e4 c5 2. Nc3 Nc6 3. f4 g6 4. Nf3 Bg7 5. Bb5 Nd4 6. O-O a6 7. Bc4 e6 8. d3 b5 9. Bb3 Ne7 10. Nxd4 cxd4 11. Ne2 O-O 12. Qe1 d5 13. e5 Nf5 14. g4 Ne3 15. Bxe3 dxe3 16. d4 Bd7 17. Rf3 a5 18. c3 f6 19. exf6 Bxf6 20. Rxe3 Qb6 21. g5 Bg7 22. Qh4 b4 23. Rh3 bxc3 24. bxc3 Kf7 25. Re1 a4 26. Bc2 e5 27. fxe5 Bxh3 28. Qxh3 Kg8 29. Qe3 Rae8 30. Ng3 Ra8 31. h4 Qe6 32. Kg2 Qg4 33. Bd1 Qxh4 34. Rh1 Qf4 35.
Qxf4 Rxf4 36. Bf3 Rd8 37. Rb1 Rf7 38. Rb5 Rfd7 39. Ne2 h6 40. Nf4 hxg5 41. Nxd5 Rf8 42. Bg4 Rdd8 43. e6 Rfe8 44. Kf3 Rd6 45. Nc7 Re7 46.
Rb8+ Kh7 47. Nb5 Rdxe6 48. Bxe6 Rxe6 49. d5 Rf6+ 50. Kg2 g4 51. d6 Rf7 52. Rc8 Kh6 53. Rc7 Rf8 54. d7 Bf6 55. Nd6 Be5 56. Rc8 Bxd6 57. Rxf8 1-0

[Event "GrandPrix_30.05"]
[Site "Chess.com"]
[Date "2020.05.30"]
[Round "6"]
[White "Sanan_Sjugirov"]
[Black "DaVinci81"]
[Result "1-0"]
[WhiteElo "2713"]
[BlackElo "2559"]
[TimeControl "600+2"]
[EndTime "10:57:05 PDT"]
[Termination "Sanan_Sjugirov won by resignation"]

1. e4 e5 2. Nf3 Nc6 3. Bb5 a6 4.
Ba4 Nf6 5. O-O Be7 6. Re1 b5 7. Bb3 d6 8. c3 O-O 9. h3 Nb8 10. d4 Nbd7 11. Nbd2 Bb7 12. Bc2 c5 13. d5 c4 14. Nf1 Qc7 15. Ng3 g6 16. Bd2 Rfb8 17.
Nh2 Bc8 18. Rf1 a5 19. a3 Qd8 20. Kh1 Rb7 21. f4 exf4 22. Bxf4 Ne5 23. Nf3 Nfd7 24. Nd4 Ra6 25. Qd2 Nc5 26. Bh6 Bh4 27. Nge2 Qe8 28.
Rf4 Bd8 29. Raf1 Ncd3 30. Bxd3 Nxd3 31. R4f3 Ne5 32. Rg3 b4 33. axb4 axb4 34. cxb4 Nd3 35. Nc6 Bh4 36. Qc3 f5 37. Qxc4 Bxg3 38. Nxg3 Nxb4 39.
Nxb4 Ra4 40. Bd2 Bd7 41. Qd4 Qe5 42. Qxe5 dxe5 43. Nd3 Rd4 44. Nc5 Rc7 45. Nxd7 Rxd7 46. Bc3 Rd3 47. Kh2 f4 48. Nh1 Re3 49. Nf2 Re7 50.
Ng4 Re2 51. d6 Rb7 52. Nxe5 Rxe4 53. d7 Rd4 54. Bxd4 1-0

[Event "GrandPrix_30.05"]
[Site "Chess.com"]
[Date "2020.05.30"]
[Round "6"]
[White "Sergey_Krivenko"]
[Black "SacrificeGod"]
[Result "0-1"]
[WhiteElo "2076"]
[BlackElo "2240"]
[TimeControl "600+2"]
[EndTime "10:57:05 PDT"]
[Termination "SacrificeGod won by resignation"]

1. d4 Nf6 2. Nf3 g6 3. Bg5 Bg7 4. Nbd2 h6 5. Bh4 g5 6. Bg3 Nh5 7. Be5 Nf6 8. c3 d6 9. Bg3 Nh5 10. e4 e6 11. Nc4 Qe7 12. Nfd2 Nxg3 13. hxg3 O-O 14. Ne3 f5 15. exf5 exf5 16. Bc4+ Kh8 17. Kf1 c6 18. Qh5 d5 19. Bd3 Be6 20. Nf3 Kg8 21.
Ne5 Nd7 22. Ng6 Qf6 23. Nxf8 Rxf8 24. Re1 c5 25. dxc5 Nxc5 26. Bc2 Ne4 27. Kg1 f4 28.
gxf4 Qxf4 29. Qf3 Qd6 30. Qh5 Nxf2 31. Qg6 Rf6 32. Qh7+ Kf8 33. Rh2 Bg8 34. Nf5 Qxh2+ 35.
Kxh2 Bxh7 36. Nxg7 Bxc2 37. Nh5 Rf7 0-1

[Event "GrandPrix_30.05"]
[Site "Chess.com"]
[Date "2020.05.30"]
[Round "6"]
[White "temus_galaktionov"]
[Black "Bacyanide"]
[Result "0-1"]
[WhiteElo "2560"]
[BlackElo "2509"]
[TimeControl "600+2"]
[EndTime "10:57:14 PDT"]
[Termination "Bacyanide won by resignation"]

1. d4 d5 2. Nf3 Nf6 3. c4 e6 4. Nc3 c5 5. cxd5 exd5 6. Bg5 Be6 7. e3 c4 8. Be2 Bb4 9. O-O O-O 10. Ne5 Nc6 11. f4 Bxc3 12. bxc3 Bf5 13. g4 Be4 14. Bf3 Bxf3 15. Qxf3 Re8 16. Rab1 Rb8 17. Rb5 Ne7 18. Rfb1 b6 19. Qg2 a6 20. R5b4 Qd6 21.
Bxf6 gxf6 22. Nf3 b5 23. R4b2 Nc6 24. Nh4 Rxe3 25. Nf5 Qe6 26. Nxe3 Qxe3+ 27. Rf2 Qxc3 28. Qxd5 Nxd4 29. Rd1 Ne6 30. Qc6 Qe3 31. Kf1 Qb6 32. Qe4 c3 33. g5 fxg5 34. fxg5 Qb7 35. Rd5 b4 36. h4 Qa8 37. Qf5 Rf8 38. h5 Ng7 39.
Qe5 Re8 40. Qf4 Qxd5 41. Kg1 Nxh5 42. Qxb4 Re1+ 43. Rf1 Rxf1+ 44. Kxf1 Qd3+ 45. Kf2 Qd2+ 46. Kf3 Qf4+ 0-1

[Event "GrandPrix_30.05"]
[Site "Chess.com"]
[Date "2020.05.30"]
[Round "6"]
[White "VMikhalevski"]
[Black "moro182"]
[Result "1-0"]
[WhiteElo "2672"]
[BlackElo "2500"]
[TimeControl "600+2"]
[EndTime "10:57:30 PDT"]
[Termination "VMikhalevski won by resignation"]

1. Nf3 d5 2. g3 Nf6 3. Bg2 c5 4. O-O Nc6 5. d4 e6 6. b3 Be7 7. Bb2 O-O 8. Nbd2 cxd4 9. Nxd4 Nxd4 10. Bxd4 Qc7 11. Bb2 e5 12. Nf3 e4 13. Nd4 Bd7 14.
a4 Rac8 15. Qd2 Ng4 16. f3 exf3 17. exf3 Nf6 18. Rfe1 Bc5 19. Kh1 Rfe8 20. Bf1 a6 21. Bd3 Qd6 22. Rxe8+ Rxe8 23. Re1 Re7 24. Re2 Bb4 25.
Qd1 h6 26. Nf5 Bxf5 27. Bxf5 Bc5 28. Kg2 Rxe2+ 29. Qxe2 d4 30. Bc1 Qc7 31. Bf4 Bd6 32. Bd2 g6 33. Bd3 Kg7 34. Bc4 Qc5 35. b4 Qc6 36. b5 axb5 37. axb5 Qc5 38. c3 Be5 39. f4 Bd6 40. Qd3 Bc7 41. cxd4 Qe7 42. Qe3 Qd7 43. Bc1 Kh7 44. d5 Ng4 45. Qd4 Bd8 46.
d6 Bf6 47. Qd5 Kg7 48. h3 Qe8 49. hxg4 1-0